Map: 2000 Atmospheres LE

Players

Serral

  • Race: Zerg Zerg

cure - Winner!

  • Race: Terran Terran

Event: TSL 7

VOD

Have the link to the VOD?

Description

Time

  • Played on: June 26, 2021, 12:19 p.m.
  • Length: 16:42

All games in this series

Show
View Real Time Build Order
Export as new Build Order

Serral Zerg 

Build Orders: Hatch First 

Get SALT Encoding   

  12  0:00  Drone  
  13  0:13  Overlord  
  13  0:17  Drone  
  14  0:32  Drone x2  
  16  0:48  Hatchery  
  15  0:50  Drone  
  15  0:55  Drone  
  17  0:57  Drone  
  18  1:08  Extractor  
  17  1:12  Spawning Pool  
  17  1:16  Drone  
  17  1:19  Drone  
  18  1:29  Drone  
  20  1:40  Drone  
  20  1:50  Drone  
  21  2:00  Queen x2, Zergling x2  
  26  2:01  Zergling x2  
  27  2:11  Overlord  
  27  2:13  Drone  
  28  2:22  Hatchery  
  27  2:28  Drone  
  28  2:30  Drone  
  28  2:32  Drone  
  28  2:33  Drone  
  31  2:38  Metabolic Boost  
  31  2:44  Queen  
  31  2:49  Overlord  
  33  2:52  Drone  
  33  2:54  Drone  
  33  2:56  Drone  
  36  3:04  Overlord  
  36  3:08  Drone x3  
  36  3:10  Drone  
  40  3:15  Queen  
  40  3:17  Drone  
  40  3:19  Drone  
  44  3:24  Queen  
  46  3:28  Overlord  
  46  3:33  Queen  
  48  3:37  Drone x2  
  48  3:38  Drone  
  48  3:40  Drone  
  51  3:46  Overlord  
  51  3:48  Drone x2  
  53  3:49  Overlord  
  53  3:54  Baneling Nest  
  52  3:57  Extractor, Zergling x4  
  53  4:03  Queen  
  53  4:05  Zergling x4  
  53  4:07  Overlord  
  57  4:13  Queen  
  57  4:15  Drone  
  57  4:16  Drone  
  61  4:19  Drone x2  
  61  4:20  Drone  
  64  4:24  Overlord  
  64  4:25  Drone  
  65  4:32  Zergling x8  
  65  4:37  Zergling x8  
  73  4:41  Overlord  
  72  4:46  Baneling x2  
  72  4:47  Baneling x4  
  72  4:48  Zergling x4  
  72  4:52  Drone  
  75  4:54  Lair  
  75  4:57  Queen  
  77  5:03  Overlord  
  77  5:06  Drone x5  
  82  5:08  Drone  
  82  5:12  Overlord  
  82  5:13  Drone  
  79  5:26  Zergling x20  
  81  5:29  Queen  
  81  5:33  Zergling x6  
  86  5:38  Queen  
  86  5:40  Overlord  
  88  5:44  Extractor  
  88  5:45  Baneling x6  
  88  5:46  Zergling x4, Evolution Chamber  
  88  5:50  Zergling x2  
  88  5:51  Centrifical Hooks  
  88  5:55  Extractor, Baneling x2, Zergling x4  
  90  5:59  Zergling x6  
  90  6:02  Zergling x4  
  95  6:10  Drone  
  95  6:11  Drone x6  
  102  6:13  Drone  
  103  6:23  Zerg Ground Armor Level 1  
  103  6:24  Zergling x2  
  103  6:25  Zergling x2  
  105  6:26  Zergling x2  
  105  6:31  Zergling x8  
  108  6:33  Hatchery  
  108  6:38  Zergling x4  
  108  6:45  Baneling  
  108  6:46  Baneling x5  
  108  6:47  Overlord  
  108  6:48  Zergling x2  
  108  6:49  Zergling x8  
  108  6:51  Baneling x7  
  113  6:59  Zergling x14  
  120  7:03  Zergling x2  
  120  7:07  Overlord  
  121  7:09  Zergling x4  
  121  7:14  Zergling x2  
  124  7:20  Drone x3  
  125  7:23  Evolution Chamber, Overlord  
  125  7:24  Zergling x8  
  125  7:27  Overlord  
  128  7:33  Zergling x8  
  132  7:39  Baneling  
  132  7:40  Baneling x7  
  132  7:48  Zergling x10  
  132  7:51  Queen, Zerg Melee Weapons Level 1  
  137  7:53  Zergling x10  
  144  8:02  Zergling x12  
  149  8:12  Overlord x2  
  149  8:14  Zergling x10  
  149  8:17  Extractor  
  130  8:30  Zergling x12  
  130  8:31  Zergling x8  
  129  8:35  Queen, Overseer  
  129  8:36  Queen  
  129  8:38  Infestation Pit  
  129  8:41  Zerg Ground Armor Level 2  
  125  8:46  Drone x3  
  125  8:47  Drone  
  122  8:49  Drone  
  122  8:50  Drone  
  122  8:51  Drone  
  125  9:00  Drone  
  125  9:01  Drone x6  
  131  9:09  Queen  
  132  9:11  Zergling x10  
  132  9:14  Baneling x5  
  137  9:20  Hive  
  137  9:23  Drone x3  
  140  9:25  Zergling x4  
  142  9:41  Hatchery  
  142  9:44  Zergling x12  
  142  9:45  Zergling x10  
  151  9:53  Zergling x20  
  151  9:57  Baneling x8  
  161  10:02  Zerg Melee Weapons Level 2  
  161  10:04  Zergling x8  
  165  10:11  Baneling x8  
  165  10:12  Baneling x2, Zergling x4  
  166  10:22  Drone x5  
  170  10:29  Zergling x14  
  170  10:30  Zergling x2  
  170  10:31  Overlord x2  
  171  10:39  Adrenal Glands  
  171  10:44  Viper  
  171  10:46  Ultralisk Cavern, Viper  
  171  10:49  Extractor  
  176  10:50  Drone x3, Extractor  
  176  10:51  Drone x3  
  176  10:52  Drone  
  176  10:53  Zergling x2, Spore Crawler  
  176  10:54  Baneling  
  176  10:55  Baneling x7  
  181  11:00  Zergling x18  
  189  11:05  Queen  
  189  11:08  Zergling x2  
  189  11:09  Zergling x6  
  189  11:18  Zergling x2  
  189  11:21  Overlord x2  
  189  11:24  Baneling x11  
  185  11:32  Zerg Ground Armor Level 3  
  183  11:41  Zergling x20  
  191  11:56  Baneling x6  
  191  11:57  Chitinous Plating  
  185  12:02  Hatchery  
  185  12:06  Zergling x22  
  185  12:07  Zergling x6  
  169  12:08  Baneling x7  
  169  12:14  Zergling x4  
  166  12:28  Zergling x26, Ultralisk  
  184  12:34  Overlord  
  184  12:35  Overlord  
  182  12:39  Overlord  
  182  12:43  Overlord  
  182  12:44  Overlord  
  168  12:53  Zergling x12  
  168  12:57  Zergling x8  
  169  13:06  Baneling x11  
  162  13:13  Baneling Nest  
  162  13:14  Zergling x2, Ultralisk  
  162  13:15  Zergling x4  
  162  13:16  Anabolic Synthesis  
  162  13:19  Zergling x8  
  172  13:20  Baneling x2  
  172  13:22  Baneling  
  171  13:28  Zergling x12  
  171  13:29  Queen  
  171  13:30  Queen x3  
  171  13:45  Ultralisk  
  161  13:58  Ultralisk  
  161  13:59  Zergling x16  
  161  14:00  Zergling x12  
  180  14:05  Queen x2  
  169  14:20  Zergling x2  
  169  14:21  Zergling x16  
  169  14:24  Baneling x9  
  150  14:34  Zergling x8, Ultralisk x2  
  166  14:41  Zergling x2  
  166  14:42  Zergling x14  
  170  14:54  Zergling x10, Ultralisk  
  157  15:09  Zergling x12, Ultralisk  
  168  15:20  Zergling x20  
  171  15:36  Zergling x12, Ultralisk  
  183  15:45  Hatchery  
  183  15:47  Zergling x6, Ultralisk  
  188  15:57  Zergling x12  
  185  16:05  Zergling x4  
  160  16:13  Zergling x6  
  152  16:20  Baneling x3  
  152  16:24  Zergling x10  
Show
View Real Time Build Order
Export as new Build Order

cure Terran - Winner!

Build Orders:  

Get SALT Encoding   

  12  0:00  SCV  
  13  0:12  SCV  
  14  0:17  Supply Depot  
  14  0:24  SCV  
  15  0:38  SCV  
  15  0:39  Barracks  
  16  0:42  Refinery  
  16  0:51  SCV  
  17  1:03  SCV  
  18  1:15  SCV  
  19  1:26  Barracks Reactor  
  19  1:27  Orbital Command  
  19  1:38  Command Center  
  19  1:50  Supply Depot  
  19  1:53  SCV  
  20  2:00  Barracks  
  20  2:05  SCV  
  20  2:07  Marine  
  20  2:08  Marine  
  23  2:17  SCV  
  23  2:19  Barracks  
  24  2:25  Marine  
  24  2:26  Marine  
  24  2:29  SCV  
  27  2:41  SCV  
  27  2:43  Marine x2  
  30  2:47  Barracks Tech Lab  
  30  2:50  Orbital Command  
  30  2:53  SCV  
  31  3:02  Marine x2  
  34  3:05  SCV  
  34  3:06  Stimpack  
  34  3:08  Barracks Tech Lab, Marine  
  34  3:12  Supply Depot  
  35  3:16  SCV  
  35  3:17  SCV  
  37  3:26  Marine x3  
  37  3:27  Marine, Combat Shield  
  40  3:28  SCV  
  40  3:29  SCV  
  43  3:36  Supply Depot  
  43  3:40  SCV  
  43  3:41  Supply Depot  
  44  3:42  SCV  
  44  3:45  Marine x4  
  49  3:53  SCV  
  49  3:54  SCV  
  51  3:56  Factory  
  51  3:58  Supply Depot  
  51  4:03  Marine x4  
  51  4:06  SCV x2  
  57  4:12  Refinery  
  57  4:13  Refinery  
  57  4:14  Engineering Bay  
  57  4:18  SCV x2  
  57  4:22  Marine x2  
  57  4:23  Marine  
  57  4:24  Marine  
  63  4:30  SCV x2  
  65  4:32  Refinery  
  65  4:40  Terran Infantry Weapons Level 1, Supply Depot  
  65  4:42  Starport  
  65  4:43  SCV  
  66  4:48  Factory Reactor  
  66  4:50  Marine x2  
  66  4:51  Marine  
  66  4:52  SCV  
  70  4:55  SCV  
  71  5:02  Barracks Reactor  
  71  5:05  SCV  
  72  5:08  SCV, Marine x3  
  72  5:12  Supply Depot  
  71  5:26  Marine x3  
  64  5:30  SCV x2  
  64  5:34  Medivac x2  
  70  5:37  Supply Depot  
  70  5:39  Siege Tank  
  70  5:42  Marine x2  
  73  5:44  Marine x3  
  73  5:47  SCV x2  
  80  5:59  Command Center  
  80  6:00  Marine  
  80  6:02  Marine x3  
  84  6:04  Marine  
  84  6:08  Medivac  
  87  6:12  Medivac  
  87  6:16  Siege Tank  
  92  6:20  Supply Depot  
  92  6:26  Marine x5  
  97  6:33  Supply Depot  
  97  6:35  SCV x2  
  99  6:41  Terran Infantry Armor Level 1  
  99  6:43  Marine x2  
  99  6:44  Marine x3  
  104  6:49  Siege Tank  
  107  6:55  Medivac x2  
  111  7:01  Marine x4  
  115  7:12  Orbital Command  
  114  7:17  Marine  
  114  7:19  Marine x2  
  114  7:22  Siege Tank  
  120  7:30  Medivac x2  
  120  7:35  Supply Depot  
  124  7:39  Barracks  
  124  7:40  Barracks  
  124  7:41  Marine x5  
  129  7:54  Siege Tank  
  131  8:02  Marine x5  
  136  8:06  Liberator  
  136  8:12  Liberator, Supply Depot  
  142  8:19  Supply Depot  
  113  8:31  Marine x4  
  113  8:32  Siege Tank  
  106  8:34  SCV x2  
  106  8:37  Barracks Reactor x2  
  106  8:38  Marine  
  107  8:43  Orbital Command  
  107  8:46  SCV x2  
  102  8:49  Marine x4, Medivac  
  102  8:55  Medivac  
  110  8:56  Armory  
  110  8:57  Engineering Bay  
  110  8:58  SCV x2  
  112  9:05  Marine  
  112  9:06  Marine  
  112  9:07  Marine x3  
  117  9:10  SCV  
  117  9:17  Sensor Tower  
  118  9:18  Marine x4  
  118  9:20  Siege Tank  
  118  9:23  Marine  
  126  9:24  Marine  
  126  9:25  Marine  
  126  9:28  Marine x2  
  130  9:32  SCV x3  
  130  9:35  Marine x2  
  130  9:38  Marine x2  
  137  9:40  Marine  
  137  9:42  Marine  
  137  9:43  Terran Infantry Armor Level 2, Terran Infantry Weapons Level 2  
  139  9:45  Marine  
  139  9:46  Marine x2  
  139  9:47  Liberator  
  145  9:59  Marine x4  
  149  10:04  Marine x4  
  149  10:05  Liberator, Siege Tank  
  149  10:06  Supply Depot x2  
  159  10:07  Supply Depot  
  159  10:08  Marine  
  159  10:10  Bunker  
  159  10:11  Supply Depot  
  160  10:16  Marine x2  
  160  10:17  Marine  
  160  10:19  Marine  
  164  10:22  Marine  
  164  10:27  Marine x4  
  169  10:34  Marine x2  
  169  10:35  Marine  
  168  10:36  Marine  
  168  10:39  Marine  
  170  10:45  Marine x4  
  174  10:52  Marine x2  
  174  10:53  Marine  
  174  10:54  Marine  
  178  10:57  Marine  
  178  10:59  Liberator, Siege Tank  
  178  11:00  Liberator  
  178  11:03  Marine x4  
  190  11:10  Marine x3  
  193  11:12  Marine  
  193  11:15  Marine  
  195  11:21  Marine x2  
  197  11:38  Marine x2  
  197  11:39  Barracks, Supply Depot  
  197  11:40  Marine x2  
  197  11:41  Barracks  
  197  11:43  Barracks  
  197  11:59  Marine x3  
  197  12:00  Marine x6  
  179  12:12  Liberator  
  179  12:13  Liberator  
  181  12:17  Marine x3  
  181  12:18  Marine x6, Siege Tank  
  189  12:35  Marine x5  
  189  12:36  Marine x4  
  183  12:50  Siege Tank  
  184  12:53  Marine x5  
  184  12:54  Marine x4  
  184  12:57  Liberator x2  
  192  12:59  Barracks Tech Lab x2  
  192  13:00  Barracks Tech Lab  
  192  13:11  Marine x6  
  192  13:12  Marine x3  
  190  13:18  Marauder, Marine  
  190  13:19  Marauder  
  194  13:20  Terran Infantry Weapons Level 3  
  194  13:29  Marauder, Marine x4  
  200  13:40  Marauder  
  195  13:43  Siege Tank  
  195  13:44  Medivac  
  195  13:45  Medivac  
  196  13:56  Marauder x2  
  199  14:03  Command Center  
  199  14:12  Marauder, Marine x4  
  199  14:13  Marauder, Marine x2  
  199  14:16  Siege Tank  
  200  14:18  Marauder  
  200  14:21  Marine x2  
  200  14:22  Marauder  
  186  14:30  Marine x3  
  185  14:43  Marine, Medivac x2  
  185  14:44  Marauder x3  
  193  14:48  Concussive Shells  
  193  14:49  Marine  
  191  15:02  Siege Tank  
  191  15:03  Marine x2  
  191  15:04  Marauder  
  179  15:14  Medivac x2  
  181  15:24  Marauder, Marine x3  
  186  15:38  Siege Tank  
  186  15:39  Marauder  
  191  15:46  Marauder x2  
  191  15:54  Marauder  
  193  16:00  Marauder  
  192  16:08  Marauder  
  170  16:13  Marine x2  
Tags
 
Add a new tag
Caveats
  • Supply blocks, unpowered buildings, or Contaminate may cause inaccurate times.
  • Supply counts are checked every 10 seconds.